 Dungeon Crawl Stone Soup version 0.31-a0-195-g7586a6f1e9 (webtiles) character file.

Game seed: 2393831598518571434

1456 qw the Skirmisher (level 8, -1/46 HPs)
             Began as a Deep Elf Hunter on June 24, 2023.
             Slain by an ogre
             ... wielding a +0 giant club
              (24 damage)
             ... on level 6 of the Dungeon.
             The game lasted 00:01:42 (3017 turns).

qw the Skirmisher (Deep Elf Hunter)                 Turns: 3017, Time: 00:01:43

Health: -1/46      AC: 14    Str:  5    XL:     8   Next: 47%
Magic:  10/10      EV: 10    Int: 15    God:
Gold:   234        SH:  0    Dex: 20    Spells: 7/7 levels left

rFire   + + +        Y - +0 shortbow
rCold   + . .        (shield currently unavailable)
rNeg    . . .        j - +0 ring mail
rPois   +            r - +0 helmet
rElec   .            m - +4 cloak "Bevvui Happ" {rPois rF++ Str-5 Dex+2}
rCorr   .            (no gloves)
SInv    .            i - +2 pair of boots
Will    .....        f - amulet of regeneration
Stlth   +            k - ring of protection from cold
HPRegen 1.07/turn    b - ring of protection from fire
MPRegen 0.12/turn

%: no passive effects
@: no status effects
A: no striking features
a: no special abilities


You were on level 6 of the Dungeon.
You visited 1 branch of the dungeon, and saw 6 of its levels.

You collected 234 gold pieces.


   Skills:
 - Level 3.0 Fighting
 + Level 13.5 Ranged Weapons
 - Level 1.0 Armour
 - Level 3.3 Dodging
 - Level 1.2 Stealth


You had 7 spell levels left.
You didn't know any spells.
Your spell library was empty.

Inventory:

Hand Weapons
 Y - a +0 shortbow (weapon)
Armour
 i - a +2 pair of boots (worn)
 j - a +0 ring mail (worn)
 m - the +4 cloak "Bevvui Happ" (worn) {rPois rF++ Str-5 Dex+2}
   (You found it on level 3 of the Dungeon)

   Str:       It affects your strength (-5).
   Dex:       It affects your dexterity (+2).
   rF:        It greatly protects you from fire.
   rPois:     It protects you from poison.
 r - a +0 helmet (worn)
Jewellery
 b - a ring of protection from fire (right hand)
 f - an amulet of regeneration (around neck)
 k - a ring of protection from cold (left hand)
Wands
 o - a wand of digging (4)
Scrolls
 a - a scroll of identify
 p - a scroll of teleportation
Potions
 c - 2 potions of haste
 d - a potion of cancellation
 e - a potion of curing
 g - 2 potions of might
 h - a potion of heal wounds
 l - a potion of mutation
 n - a potion of attraction {unknown}

Dungeon Overview and Level Annotations

Branches:
Dungeon (6/15)
 Temple: D:4-7

Altars:
Elyvilon
Kikubaaqudgha

Annotations:
D:3 3 runed translucent doors, qw's ghost, amateur DEHu; qw's ghost, weakling DEHu


Message History

You shoot an arrow. The arrow barely misses the ogre.
The ogre barely misses you.
You shoot an arrow. The arrow barely misses the ogre.
You shoot an arrow. The arrow closely misses the white imp.
The ogre hits you with a +0 giant club!
The white imp hits you but does no damage.
You shoot an arrow. The arrow barely misses the white imp.
The white imp hits you but does no damage.
The ogre barely misses you.
You shoot an arrow. The arrow hits the white imp.
The white imp is almost dead.
The white imp gestures at you. The puff of frost hits you. You resist.
You shoot an arrow. The arrow barely misses the white imp.
The ogre hits you with a +0 giant club.
The scorpion stings you but does no damage.
The white imp hits you but does no damage.
You shoot an arrow.
The arrow hits the white imp but does no damage.
The white imp is almost dead.
The scorpion closely misses you. The white imp closely misses you.
The kobold demonologist closely misses you.
The ogre hits you with a +0 giant club!
You shoot an arrow. The arrow closely misses the white imp.
The arrow barely misses the ogre.
The scorpion completely misses you.
The kobold demonologist barely misses you.
The ogre barely misses you.
The scorpion stings you but does no damage.
You shoot an arrow. The arrow hits the ogre!
The ogre is heavily wounded.
The kobold demonologist closely misses you.
The scorpion stings you.
You shoot an arrow.
The arrow hits the ogre but does no damage.
The ogre is heavily wounded.
The ogre barely misses you.
The ogre hits you with a +0 giant club!!
Ouch! That really hurt!
You die...

....###..........#####...
.....##..###.............
# +.#....#.####....# #
#.#..>##.# ##....#
#.#..###.###..... #.#..#
#.##...#
#######....###.#5o..# ##K
......:.....##.sOOK.#.....
.<...#..###..#..@#...O.#
.....##.# #.....#.###$#
.................#..
..............#.....#
.<...##.###...#.###.#
.....##..##...#.. .#
#######..###..... .. .. ..


You could see a kobold demonologist, 2 ogres, a scorpion, a white imp and an
orc.

Vanquished Creatures
  Prince Ribbit (D:5)
  Menkaure (D:4)
  An ice beast (D:5)
  3 ogres
  A centaur (D:6)
  Blork the orc (D:5)
  A bullfrog (D:6)
  2 howler monkeys
  3 hounds
  2 jellies
  An orc priest (D:5)
  A sleepcap (D:5)
  Natasha (D:2)
  2 iguanas
  An orc wizard (D:3)
  A gnoll (D:1)
  6 adders
  2 white imps (D:5)
  2 worms
  4 dart slugs
  11 orcs
  8 bats
  4 endoplasms
  2 giant cockroaches
  4 goblins
  9 hobgoblins
  10 jackals
  4 kobolds
  7 quokkas
  11 ball pythons
  6 frilled lizards
  6 rats
  A spectral hobgoblin (D:1)
  A butterfly (D:6)
121 creatures vanquished.

Notes
Turn   | Place    | Note
-------+----------+-------------------------------------------
     0 | D:1      | qw the Deep Elf Hunter began the quest for the Orb.
     0 | D:1      | Reached XP level 1. HP: 12/12 MP: 3/3
     0 | D:1      | 0 ||| qw: Version: 0.3-a-9-g12657ce
     0 | D:1      | 0 ||| qw: Game counter: 4751
     0 | D:1      | 0 ||| qw: Always use a shield: true
     0 | D:1      | 0 ||| qw: God list: Okawaru
     0 | D:1      | 0 ||| qw: Allow faded altars: false
     0 | D:1      | 0 ||| qw: Do Orc after D:15 true
     0 | D:1      | 0 ||| qw: Do second Lair branch before Depths: true
     0 | D:1      | 0 ||| qw: Lair rune preference: random
     0 | D:1      | 0 ||| qw: Plans: Normal
     0 | D:1      | 0 ||| PLANNING D:1-11
   205 | D:1      | Reached skill level 6 in Ranged Weapons
   205 | D:1      | Reached XP level 2. HP: 16/16 MP: 4/4
   274 | D:1      | Found a faded altar of an unknown god.
   404 | D:1      | Reached XP level 3. HP: 20/20 MP: 5/5
   439 | D:1      | 439 ||| Stepping ~*~*~tactically~*~*~ (water).
   441 | D:1      | 441 ||| Stepping ~*~*~tactically~*~*~ (water).
   609 | D:1      | 609 ||| UPGRADING to +0 ring mail.
   619 | D:1      | 619 ||| DROPPING +0 leather armour.
   620 | D:1      | 620 ||| UPGRADING to amulet of regeneration.
   625 | D:1      | 625 ||| UPGRADING to ring of protection from cold.
   626 | D:1      | 626 ||| READING 2 scrolls labelled PITEUNERIU.
   627 | D:1      | 627 ||| READING scroll labelled YXEAPP ENOR.
   628 | D:1      | 628 ||| DRINKING 2 clear potions.
   629 | D:1      | 629 ||| DROPPING scroll of butterflies.
   651 | D:2      | 651 ||| STAIRDANCE
   667 | D:2      | Reached skill level 7 in Ranged Weapons
   707 | D:2      | 707 ||| Stepping ~*~*~tactically~*~*~ (water).
   819 | D:2      | Noticed Natasha
   823 | D:2      | Killed Natasha
   824 | D:2      | Reached XP level 4. HP: 25/25 MP: 6/6
  1022 | D:2      | 1022 ||| UPGRADING to ring of protection from fire.
  1023 | D:2      | 1023 ||| READING scroll labelled APPUAN ASITZ.
  1024 | D:2      | 1024 ||| READING scroll labelled XATOPLECWA.
  1133 | D:3      | Reached skill level 8 in Ranged Weapons
  1235 | D:3      | Reached XP level 5. HP: 29/29 MP: 7/7
  1356 | D:3      | Found a white marble altar of Elyvilon.
  1400 | D:3      | Identified the +4 cloak "Bevvui Happ" {rPois rF++ Str-5
                  | Dex+2}
  1515 | D:3      | Found a runed translucent gate.
  1515 | D:3      | Found a runed translucent gate.
  1516 | D:3      | Found a runed translucent gate.
  1518 | D:3      | Noticed qw's ghost (amateur DEHu)
  1518 | D:3      | Noticed qw's ghost (weakling DEHu)
  1547 | D:3      | Reached skill level 9 in Ranged Weapons
  1791 | D:3      | 1791 ||| UPGRADING to +4 cloak "Bevvui Happ" {rPois rF++
                  | Str-5 Dex+2}.
  1796 | D:3      | 1796 ||| DRINKING 2 golden potions.
  1797 | D:3      | 1797 ||| DRINKING 2 metallic silvery potions.
  1798 | D:3      | 1798 ||| DROPPING potion of magic.
  1861 | D:4      | Reached XP level 6. HP: 35/35 MP: 8/8
  1937 | D:4      | Noticed Menkaure
  1942 | D:4      | Killed Menkaure
  1943 | D:4      | Reached skill level 10 in Ranged Weapons
  1992 | D:4      | Reached skill level 1 in Armour
  2314 | D:4      | Found an ancient bone altar of Kikubaaqudgha.
  2363 | D:4      | 2363 ||| UPGRADING to +2 pair of boots.
  2368 | D:4      | 2368 ||| DRINKING 2 pink potions.
  2384 | D:5      | Entered Level 5 of the Dungeon
  2441 | D:5      | Reached XP level 7. HP: 40/40 MP: 9/9
  2452 | D:5      | Reached skill level 11 in Ranged Weapons
  2472 | D:5      | Noticed Blork the orc
  2482 | D:5      | Killed Blork the orc
  2483 | D:5      | Reached skill level 3 in Dodging
  2547 | D:5      | Noticed Prince Ribbit
  2564 | D:5      | Killed Prince Ribbit
  2565 | D:5      | Reached skill level 12 in Ranged Weapons
  2677 | D:5      | Reached XP level 8. HP: 44/45 MP: 10/10
  2873 | D:5      | 2873 ||| UPGRADING to +0 helmet.
  2878 | D:5      | 2878 ||| READING scroll labelled JAUZEATWACAPN.
  2879 | D:5      | 2879 ||| DRINKING 3 sedimented puce potions.
  2880 | D:5      | 2880 ||| DRINKING 2 puce potions.
  2881 | D:5      | 2881 ||| READING 2 scrolls of identify.
  2881 | D:5      | 2881 ||| IDENTIFYING lumpy clear potion
  2891 | D:6      | Reached skill level 3 in Fighting
  2923 | D:6      | Reached skill level 13 in Ranged Weapons
  2923 | D:6      | 2923 ||| FLEEEEING.
  2924 | D:6      | 2924 ||| FLEEEEING.
  2931 | D:6      | 2931 ||| STAIRDANCE
  3004 | D:6      | Noticed a kobold demonologist
  3005 | D:6      | 3005 ||| Stepping ~*~*~tactically~*~*~ (outnumbered).
  3006 | D:6      | 3006 ||| Stepping ~*~*~tactically~*~*~ (outnumbered).
  3017 | D:6      | Slain by an ogre

Levels and vault maps discovered:
D:1:      nzn_arrival_settlement, layout_loops_ring,
          dreamdust_ecumenical_altar_drowned_temple, minmay_pentomino_u4
D:2:      layout_rooms, serial_bayou_lagoon_b, uniq_natasha
D:3:      layout_loops_cross, overflow_temple_1_default,
          gammafunk_ghost_cemetery, minmay_divided_ellipse
D:4:      layout_basic, kennysheep_little_box, uniq_menkaure
D:5:      layout_cave_pools, eino_tiny_chamber, uniq_prince_ribbit1,
          uniq_blork_the_orc
D:6:      hangedman_cross_stitches, layout_rooms,
          gammafunk_temple_overflow_statue, mainiacjoe_overflow_alcove_4,
          lemuel_round_altar, minmay_temple_entry_butterflies,
          gammafunk_ghost_cemetery, minmay_pentangle

Skill      XL: |  1  2  3  4  5  6  7  8 |
---------------+-------------------------+-----
Ranged Weapons | 6 7 8 9 10 12 13 | 13.5
Fighting       | 2 3 |  3.0
Armour         | 1 |  1.0
Dodging        | 3 |  3.3
Stealth        | |  1.2

Action                     |  1- 3 |  4- 6 |  7- 9 || total
---------------------------+-------+-------+-------++-------
   Fire: Shortbow          |    98 |   181 |   134 ||   413
    Use: Scroll            |     2 |     2 |     2 ||     6
         Potion            |     1 |     3 |     2 ||     6
 Armour: Leather armour    |     3 |       |       ||     3
         Ring mail         |     1 |    48 |    24 ||    73
  Dodge: Dodged            |    15 |    43 |    29 ||    87

Table legend:
 A = Non-vault XP
 B = Vault XP
 C = Vault XP percentage of total XP
 D = Non-vault monster count
 E = Vault monster count
 F = Vault count percentage of total count
                 A         B        C        D         E       F
            +---------+---------+-------+---------+---------+-------
      Total |     943 |    1137 |  54.7 |      95 |      25 |  20.8
            +---------+---------+-------+---------+---------+-------
        D:1 |      52 |       4 |   7.1 |      24 |       3 |  11.1
        D:2 |      38 |      39 |  50.6 |      20 |       1 |   4.8
        D:3 |      97 |      61 |  38.6 |      17 |      13 |  43.3
        D:4 |     253 |     172 |  40.5 |      20 |       1 |   4.8
        D:5 |     410 |     385 |  48.4 |      12 |       2 |  14.3
        D:6 |      93 |     476 |  83.7 |       2 |       5 |  71.4
            +---------+---------+-------+---------+---------+-------
